 Dungeon Crawl Stone Soup version 0.22-a0-247-gbddf880757 (webtiles) character file.

4 Peterchen the Skirmisher (level 1, -4/20 HPs)
             Began as a Hill Orc Abyssal Knight on Feb 23, 2018.
             Was an Initiate of Lugonu.
             Slain by an orc
             ... wielding a +0 flail
              (10 damage)
             ... on level 3 of the Dungeon.
             The game lasted 00:01:39 (174 turns).

Peterchen the Skirmisher (Hill Orc Abyssal Knight)   Turns: 174, Time: 00:01:39

Health: -4/20      AC:  3    Str: 14    XL:     1   Next: 70%
Magic:  2/2        EV: 10    Int: 12    God:    Lugonu [......]
Gold:   21         SH:  3    Dex: 10    Spells: 0/0 levels left

rFire    . . .     SeeInvis .   a - +1 hand axe
rCold    . . .     Gourm    .   f - +0 buckler
rNeg     . . .     Faith    .   b - +0 leather armour
rPois    .         Spirit   .   (no helmet)
rElec    .         Reflect  .   (no cloak)
rCorr    .         Harm     .   (no gloves)
MR       .....                  (no boots)
Stlth    +.........             (no amulet)
HPRegen  0.06/turn              (no ring)
MPRegen  0.08/turn              (no ring)

@: no status effects
A: no striking features
a: Renounce Religion


You were on level 3 of the Dungeon.
You worshipped Lugonu.
Lugonu was noncommittal.
You were not hungry.

You visited 1 branch of the dungeon, and saw 3 of its levels.
You visited the Abyss 1 time.

You collected 21 gold pieces.

Inventory:

Hand Weapons
 a - a +1 hand axe (weapon)
Armour
 b - a +0 leather armour (worn)
 f - a +0 buckler (worn)
Scrolls
 d - a scroll of teleportation {unknown}
Miscellaneous
 e - a lamp of fire
Comestibles
 c - 2 rations


   Skills:
 + Level 3.7 Fighting
 * Level 3.0 Axes
 + Level 2.3 Armour
 - Level 0.7 Dodging
 + Level 2.5 Invocations


You couldn't memorise any spells.
You didn't know any spells.

Dungeon Overview and Level Annotations

Branches:
Dungeon (3/15)

Altars:
Fedhas


Message History

* * * LOW HITPOINT WARNING * * *
There is a stone staircase leading down here.
You climb downwards.
An orc comes into view. It is wielding a flail.
The orc shouts!
Found a dagger, 18 sling bullets and a leather armour.
Found a blossoming altar of Fedhas.
Found a stone staircase leading down.
There is a stone staircase leading up here.
There is a stone staircase leading down here.
The orc misses you.
You climb downwards.
You hear the sound of rushing water.
There is an entrance to a sewer on this level.
Hurry and find it before the portal rusts away!
Found 14 poisoned needles.
There is a stone staircase leading up here.
You hit the orc.
The orc is lightly wounded.
The orc hits you with a flail!
Ouch! That really hurt!
You die... # .####.##### .......@o.# ..###.###.# .. .# ## (# .# .# .# .#

You could see an orc.

Vanquished Creatures
  A leopard gecko (D:1)
  A giant cockroach (D:1)
  A kobold (D:1)
  A rat (D:1)
4 creatures vanquished.

Notes
Turn   | Place    | Note
-------+----------+-------------------------------------------
     0 | Abyss:1  | Peterchen the Hill Orc Abyssal Knight began the quest for the Orb.
     0 | Abyss:1  | Reached XP level 1. HP: 19/19 MP: 2/2
    38 | Abyss:1  | Found a corrupted altar of Lugonu.
    40 | Abyss:1  | Noticed a great orb of eyes
    47 | Abyss:2  | Found a corrupted altar of Lugonu.
    63 | Abyss:2  | Noticed a thrashing horror
    65 | D:1      | Escaped the Abyss
   166 | D:2      | Found a blossoming altar of Fedhas.
   174 | D:3      | Slain by an orc

Vault maps used:
D:1:      minmay_arrival_jagged
D:2:      lemuel_crystal_altar, uniq_crazy_yiuf_cottage, uniq_robin
D:3:      portal_sewer_entry_f, minmay_misc_feat_doors, uniq_sigmund

Skill      XL: |  1 |
---------------+----+-----
Axes           | 3 |  3.0
Fighting       | |  3.7
Armour         | |  2.3
Dodging        | |  0.7
Invocations    | |  2.5

Action                   || total
-------------------------++-------
Melee: Hand axe          ||    14
Invok: Depart the Abyss  ||     1
Armor: Leather armour    ||     5
Dodge: Dodged            ||     4
Block: Buckler           ||     2

Table legend:
 A = Spawn XP
 B = Non-spawn XP
 C = Spawn XP percentage of total XP
 D = Spawn monster count
 E = Non-spawn monster count
 F = Spawn count percentage of total count
 G = Total turns spent on level
                    A         B        C        D         E        F      G
               +---------+---------+-------+---------+---------+-------+---------
         Total |       0 |       7 |   0.0 |       0 |       4 |   0.0 |   174
               +---------+---------+-------+---------+---------+-------+---------
           D:1 |       0 |       7 |   0.0 |       0 |       4 |   0.0 |   101
               +---------+---------+-------+---------+---------+-------+---------
